 Dungeon Crawl Stone Soup version 0.26.1-11-gd32895ea62 (webtiles) character file.

Game seed: 15507660455939984929

99 kodamatunes15 the Ruffian (level 4, 0/37 HPs)
             Began as a Ghoul Gladiator on May 4, 2021.
             Slain by a centaur (3 damage)
             ... on level 4 of the Dungeon.
             The game lasted 00:11:56 (2100 turns).

kodamatunes15 the Ruffian (Ghoul Gladiator)         Turns: 2100, Time: 00:11:56

Health: 0/37       AC:  9    Str: 17    XL:     4   Next: 72%
Magic:  3/3        EV:  7    Int:  4    God:
Gold:   103        SH:  0    Dex: 10    Spells: 3/3 levels left

rFire    . . .     SeeInvis .     - Unarmed
rCold    + . .     Faith    .   (no shield)
rNeg     + + +     Spirit   .   r - +0 chain mail
rPois    ∞         Reflect  .   b - +0 helmet
rElec    .         Harm     .   (no cloak)
rCorr    .         Rampage  .   (no gloves)
Will     .....                  (no boots)
Stlth    ..........             (no amulet)
HPRegen  0.00/turn              (no ring)
MPRegen  0.08/turn              (no ring)

@: no status effects
A: claws 1, cold resistance 1, negative energy resistance 3, inhibited
regeneration, torment resistance, unbreathing
a: no special abilities


You were on level 4 of the Dungeon.
You visited 1 branch of the dungeon, and saw 4 of its levels.

You collected 103 gold pieces.

Inventory:

Hand Weapons
 a - a +0 falchion
 j - a +1 short sword
Missiles
 c - 3 throwing nets (quivered)
 d - 35 poisoned darts
 e - 30 sling bullets
 i - 76 bolts
 k - 65 stones
 n - 2 large rocks
 p - 35 arrows
Armour
 b - a +0 helmet (worn)
 l - a +2 cloak of preservation
 r - a +0 chain mail (worn)
Jewellery
 f - a +6 ring of dexterity
 t - an uncursed amulet of faith {unknown}
Scrolls
 o - a scroll of remove curse
 s - a scroll of random uselessness {unknown}
Potions
 g - a potion of curing {unknown}
 h - 3 potions of ambrosia {unknown}
 m - a potion of heal wounds {unknown}
 q - a potion of invisibility {unknown}


   Skills:
 + Level 2.6 Fighting
 + Level 1.9 Throwing
 + Level 1.2 Armour
 + Level 3.1 Dodging
 + Level 4.7 Unarmed Combat


You had 3 spell levels left.
You didn't know any spells.
Your spell library was empty.

Dungeon Overview and Level Annotations

Branches:
Dungeon (4/15)
 Temple: D:4-7

Altars:
Cheibriados


Innate Abilities, Weirdness & Mutations

You thrive by killing the living.
You are immune to poison.
You have sharp fingernails.
Your flesh is cold resistant. (rC+)
You are immune to negative energy. (rN+++)
You do not regenerate when monsters are visible.
You are immune to unholy pain and torment.
You can survive without breathing.


Message History

* * * LOW HITPOINT WARNING * * *
Things that are here:
an arrow; a scroll labelled XISOSTR QERU The centaur shoots an arrow.
The arrow hits you but does no damage.
You see here an arrow.
The centaur shoots an arrow.
The arrow barely misses you.
The centaur shoots an arrow.
The arrow hits you.
* * * LOW HITPOINT WARNING * * *
You see here an arrow.
The centaur shoots an arrow.
The arrow hits you.
* * * LOW HITPOINT WARNING * * *
The centaur shoots an arrow.
The arrow hits you but does no damage.
You see here 2 arrows.
There is a stone staircase leading down here.
The centaur unwields a +0 shortbow.
The centaur barely misses you.
You climb downwards.
Found a short sword.
There is a stone staircase leading up here.
You closely miss the centaur. The centaur hits you.
You die...

#########
........#
......c.#
.......@#
........#
........#
........#
#.....###
......
.....#
...#.


You could see a centaur.

Vanquished Creatures
  2 adders
  An ooze (D:1)
  2 worms
  5 dart slugs
  2 leopard geckos
  4 orcs
  8 bats
  4 giant cockroaches
  7 goblins
  A hobgoblin (D:1)
  6 jackals
  A kobold (D:1)
  2 ball pythons (D:3)
  4 frilled lizards
  6 rats
55 creatures vanquished.

Notes
Turn   | Place    | Note
-------+----------+-------------------------------------------
     0 | D:1      | kodamatunes15 the Ghoul Gladiator began the quest for the
                  | Orb.
     0 | D:1      | Reached XP level 1. HP: 17/17 MP: 0/0
   148 | D:1      | Reached XP level 2. HP: 24/24 MP: 1/1
   324 | D:1      | Reached skill level 4 in Unarmed Combat
   329 | D:1      | Reached XP level 3. HP: 24/30 MP: 2/2
  1119 | D:2      | Found a snail-covered altar of Cheibriados.
  1469 | D:2      | Reached XP level 4. HP: 25/37 MP: 3/3
  2037 | D:3      | Reached skill level 1 in Armour
  2090 | D:3      | Noticed a centaur
  2100 | D:4      | Slain by a centaur

Illustrated notes

Levels and vault maps discovered:
D:1:      dpeg_arrival_prison, layout_basic
D:2:      layout_loops_cross, cheibriados_altar_1
D:3:      layout_basic
D:4:      layout_rooms, ebering_ghost_gozag, uniq_eustachio, uniq_menkaure

Skill      XL: |  1  2  3  4 |
---------------+-------------+-----
Unarmed Combat | 4 |  4.7
Dodging        | 3 |  3.1
Armour         | 1 |  1.2
Fighting       | |  2.6
Throwing       | |  1.9

Action                   |  1- 3 |  4- 6 || total
-------------------------+-------+-------++-------
Melee: Unarmed           |   103 |    64 ||   167
       Punch             |       |     2 ||     2
  Use: Scroll            |     5 |       ||     5
Armor: Leather armour    |    23 |    16 ||    39
       Chain mail        |       |     8 ||     8
Dodge: Dodged            |    57 |    56 ||   113
